SAAA
GRYFINDOR BRAVES @ SCRANTON SUPERNOVAS
08/07/2031
 
TOP OF THE 1ST
Gryfindor Braves batting - Pitching for Scranton Supernovas : LHP José Cotilla
Pitching: LHP José Cotilla
Batting: RHB Damon Newbold 0-0: Called Strike
0-1: Swinging Strike
0-2: Ball
1-2: Strikes out looking
Batting: RHB Robinson Barquero 0-0: Called Strike
0-1: Ball
1-1: Ball
2-1: Ball
3-1: Fly out, F7 (Flyball, 7LM)
Batting: RHB Paul Penrice 0-0: Fly out, F6 (Popup, 6M)
Top of the 1st over - 0 runs, 0 hits, 0 errors, 0 left on base; Gryfindor 0 - Scranton 0
BOTTOM OF THE 1ST
Scranton Supernovas batting - Pitching for Gryfindor Braves : RHP Fred Gunther
Pitching: RHP Fred Gunther
Batting: RHB Senior Pond 0-0: Ball
1-0: Called Strike
1-1: Called Strike
1-2: Foul Ball, location: 2F
1-2: Ball
2-2: Ball
3-2: Strikes out swinging
Batting: LHB Chase Popoff 0-0: Foul Ball, location: 2F
0-1: Foul Ball, location: 2F
0-2: Foul Ball, location: 2F
0-2: Ball
1-2: Foul Ball, location: 2F
1-2: Strikes out swinging
Batting: RHB Mario Castillo 0-0: Ball
1-0: SINGLE (Flyball, 89M)
Batting: LHB Kelvin Abbott 0-0: Ball
1-0: Swinging Strike
1-1: SINGLE (Line Drive, 89S)
Mario Castillo to second
Batting: RHB Eddie Sachs 0-0: Ball
1-0: Ball
2-0: Swinging Strike
2-1: Ball
3-1: Foul Ball, location: 2F
3-2: Fly out, F8 (Flyball, 89D)
Bottom of the 1st over - 0 runs, 2 hits, 0 errors, 2 left on base; Gryfindor 0 - Scranton 0
TOP OF THE 2ND
Gryfindor Braves batting - Pitching for Scranton Supernovas : LHP José Cotilla
Batting: LHB Brent van Schoonhoven 0-0: Ball
1-0: Ball
2-0: SINGLE (Line Drive, 8RS)
Batting: LHB Austin Hathaway 0-0: Ball
1-0: Foul Ball, location: 2F
1-1: Ball
2-1: Swinging Strike
2-2: Fly out, F9 (Flyball, 89S)
Batting: RHB Ernesto Souza 0-0: Fielders Choice at 2nd, 1-6 (Groundball, 13S)
Batting: RHB Austin Case 0-0: Foul Ball, location: 2F
0-1: Ball
1-1: Swinging Strike
1-2: Ball
2-2: DOUBLE (Flyball, 89D)
Ernesto Souza to third
Batting: LHB Ignacio Medine 0-0: Ball
1-0: Swinging Strike
1-1: Called Strike
1-2: Ball
2-2: Ball
3-2: Foul Ball, location: 2F
3-2: Base on Balls
Batting: RHB Javier López 0-0: Fly out, F8 (Flyball, 78XD)
Top of the 2nd over - 0 runs, 2 hits, 0 errors, 3 left on base; Gryfindor 0 - Scranton 0
BOTTOM OF THE 2ND
Scranton Supernovas batting - Pitching for Gryfindor Braves : RHP Fred Gunther
Batting: SHB Alonso Solís 0-0: Ball
1-0: Ball
2-0: Ball
3-0: Called Strike
3-1: Swinging Strike
3-2: Base on Balls
Batting: RHB Pedro Rivera 0-0: Ball
1-0: Ball
2-0: Called Strike
2-1: Foul Ball, location: 2F
2-2: Strikes out swinging
Batting: RHB Brad Jacobson 0-0: 2-RUN HOME RUN (Flyball, 7D), Distance : 409 ft
Batting: LHB José Cordero 0-0: Called Strike
0-1: Foul Ball, location: 2F
0-2: Ball
1-2: Ball
2-2: Ball
3-2: Base on Balls
Batting: RHB Senior Pond 0-0: Ball
1-0: Called Strike
1-1: Foul Ball, location: 2F
1-2: Foul Ball, location: 2F
1-2: Ball
2-2: SINGLE (Groundball, 56S) (infield hit)
José Cordero to second
Batting: LHB Chase Popoff 0-0: Ball
1-0: Called Strike
1-1: Called Strike
1-2: Ball
2-2: Strikes out swinging
Batting: RHB Mario Castillo 0-0: Called Strike
0-1: Fly out, F8 (Flyball, 8RS)
Bottom of the 2nd over - 2 runs, 2 hits, 0 errors, 2 left on base; Gryfindor 0 - Scranton 2
TOP OF THE 3RD
Gryfindor Braves batting - Pitching for Scranton Supernovas : LHP José Cotilla
Batting: RHB Damon Newbold 0-0: SINGLE (Groundball, 56D)
Batting: RHB Robinson Barquero 0-0: Ball
1-0: Ball
2-0: Called Strike
2-1: Foul Ball, location: 2F
2-2: SINGLE (Line Drive, 78S)
Damon Newbold to second
Batting: RHB Paul Penrice 0-0: Ball
1-0: Ball
2-0: SINGLE (Groundball, 56D)
Damon Newbold to third
Robinson Barquero to second
Runner from 3rd tries for Home, SAFE, no throw
Batting: LHB Brent van Schoonhoven 0-0: Fly out, F9 (Flyball, 9S)
Batting: LHB Austin Hathaway 0-0: Ball
Robinson Barquero steals 3rd base
1-0: Called Strike
1-1: Grounds into double play, 6-4-3 (Groundball, 6)
Top of the 3rd over - 1 run, 3 hits, 0 errors, 1 left on base; Gryfindor 1 - Scranton 2
BOTTOM OF THE 3RD
Scranton Supernovas batting - Pitching for Gryfindor Braves : RHP Fred Gunther
Batting: LHB Kelvin Abbott 0-0: Ball
1-0: Ball
2-0: Ball
3-0: Base on Balls
Batting: RHB Eddie Sachs 0-0: Ball
1-0: Called Strike
1-1: Ground out 6-3 (Groundball, 6S)
Kelvin Abbott to second
Batting: SHB Alonso Solís 0-0: Ball
1-0: Ball
2-0: Ball
3-0: Called Strike
3-1: Swinging Strike
3-2: Base on Balls
Batting: RHB Pedro Rivera 0-0: Ball
1-0: Ball
2-0: Ball
3-0: Called Strike
3-1: Fly out, F6 (Popup, 6)
Batting: RHB Brad Jacobson 0-0: Foul Ball, location: 2F
0-1: Called Strike
0-2: SINGLE (Flyball, 7LS)
Kelvin Abbott to third
Alonso Solís to second
Runner from 3rd tries for Home, SAFE, no throw
Batting: LHB José Cordero 0-0: Ground out 4-3 (Groundball, 4)
Bottom of the 3rd over - 1 run, 1 hit, 0 errors, 2 left on base; Gryfindor 1 - Scranton 3
TOP OF THE 4TH
Gryfindor Braves batting - Pitching for Scranton Supernovas : LHP José Cotilla
Batting: RHB Ernesto Souza 0-0: Swinging Strike
0-1: Ball
1-1: Foul Ball, location: 2F
1-2: Strikes out swinging
Batting: RHB Austin Case 0-0: Called Strike
0-1: Ball
1-1: Ball
2-1: Foul Ball, location: 2F
2-2: Ball
3-2: Base on Balls
Batting: LHB Ignacio Medine 0-0: Ball
1-0: Fly out, F9 (Flyball, 9LMF)
Batting: RHB Javier López 0-0: Ball
1-0: Fly out, F8 (Flyball, 78D)
Top of the 4th over - 0 runs, 0 hits, 0 errors, 1 left on base; Gryfindor 1 - Scranton 3
BOTTOM OF THE 4TH
Scranton Supernovas batting - Pitching for Gryfindor Braves : RHP Fred Gunther
Batting: RHB Senior Pond 0-0: Called Strike
0-1: Ground out 5-3 (Groundball, 56)
Batting: LHB Chase Popoff 0-0: Foul Ball, location: 2F
0-1: Ball
1-1: Called Strike
1-2: Ball
2-2: Ball
3-2: Ground out 4-3 (Groundball, 4D)
Batting: RHB Mario Castillo 0-0: Ball
1-0: Ball
2-0: Ball
3-0: Base on Balls
Batting: LHB Kelvin Abbott 0-0: Ball
1-0: Ball
2-0: Ball
3-0: Base on Balls
Mario Castillo to second
Batting: RHB Eddie Sachs 0-0: Fly out, F4 (Line Drive, 34D)
Bottom of the 4th over - 0 runs, 0 hits, 0 errors, 2 left on base; Gryfindor 1 - Scranton 3
TOP OF THE 5TH
Gryfindor Braves batting - Pitching for Scranton Supernovas : LHP José Cotilla
Batting: RHB Damon Newbold 0-0: Ball
1-0: Ball
2-0: Foul Ball, location: 2F
2-1: Swinging Strike
2-2: Ball
3-2: Base on Balls
Batting: RHB Robinson Barquero 0-0: Ball
1-0: Called Strike
1-1: Ball
2-1: Ball
3-1: Ground out U3 (Groundball, 3S)
Damon Newbold to second
Batting: RHB Paul Penrice 0-0: Ball
Damon Newbold steals 3rd base
1-0: DOUBLE (Groundball, 5L)
Damon Newbold scores
Batting: LHB Brent van Schoonhoven 0-0: Called Strike
0-1: Ball
1-1: Swinging Strike
1-2: Ball
2-2: Strikes out swinging
Batting: LHB Austin Hathaway 0-0: Ball
1-0: Ball
Wild Pitch!
Paul Penrice to third
2-0: Ball
3-0: Base on Balls
Batting: RHB Ernesto Souza 0-0: Ball
1-0: Ball
2-0: Foul Ball, location: 2F
2-1: DOUBLE (Line Drive, 7LD)
Paul Penrice scores
Austin Hathaway to third
Runner from 3rd tries for Home, SAFE, no throw
Batting: RHB Austin Case 0-0: Called Strike
0-1: Called Strike
0-2: Ball
1-2: Ball
2-2: Ball
3-2: Ground out 6-3 (Groundball, 56)
Top of the 5th over - 3 runs, 2 hits, 0 errors, 1 left on base; Gryfindor 4 - Scranton 3
BOTTOM OF THE 5TH
Scranton Supernovas batting - Pitching for Gryfindor Braves : RHP Fred Gunther
Batting: SHB Alonso Solís 0-0: Fly out, F8 (Flyball, 78M)
Batting: RHB Pedro Rivera 0-0: Called Strike
0-1: Called Strike
0-2: Fly out, F7 (Flyball, 78D)
Batting: RHB Brad Jacobson 0-0: Ball
1-0: Swinging Strike
1-1: Ball
2-1: Foul Ball, location: 2F
2-2: Ball
3-2: Strikes out swinging
Bottom of the 5th over - 0 runs, 0 hits, 0 errors, 0 left on base; Gryfindor 4 - Scranton 3
TOP OF THE 6TH
Gryfindor Braves batting - Pitching for Scranton Supernovas : LHP José Cotilla
Batting: LHB Ignacio Medine 0-0: Ball
1-0: Foul Ball, location: 2F
1-1: Ball
2-1: Fly out, F7 (Flyball, 7LSF)
Batting: RHB Javier López 0-0: Ground out 4-3 (Groundball, 4S)
Batting: RHB Damon Newbold 0-0: Ball
1-0: Ball
2-0: Ball
3-0: Base on Balls
Batting: RHB Robinson Barquero 0-0: Foul Ball, location: 2F
0-1: Called Strike
Damon Newbold steals 2nd base
0-2: Ball
1-2: Ground out 4-3 (Groundball, 4M)
Top of the 6th over - 0 runs, 0 hits, 0 errors, 1 left on base; Gryfindor 4 - Scranton 3
BOTTOM OF THE 6TH
Scranton Supernovas batting - Pitching for Gryfindor Braves : RHP Fred Gunther
Batting: LHB José Cordero 0-0: Ball
1-0: Called Strike
1-1: Swinging Strike
1-2: Reached on error, E5 (Popup, 56S)
Pitching: RHP Frank Veeck
Batting: RHB Senior Pond 0-0: Sac Bunt - play at first, batter OUT! 1-4
José Cordero to second
Batting: LHB Chase Popoff 0-0: Foul Ball, location: 2F
0-1: Ball
1-1: Foul Ball, location: 2F
1-2: Strikes out swinging
Batting: RHB Mario Castillo 0-0: Fly out, F6 (Line Drive, 6)
Bottom of the 6th over - 0 runs, 0 hits, 1 error, 1 left on base; Gryfindor 4 - Scranton 3
TOP OF THE 7TH
Gryfindor Braves batting - Pitching for Scranton Supernovas : LHP José Cotilla
Batting: RHB Paul Penrice 0-0: Swinging Strike
0-1: Swinging Strike
0-2: Ball
1-2: Ball
2-2: Strikes out swinging
Batting: LHB Brent van Schoonhoven 0-0: Called Strike
0-1: Fly out, F8 (Flyball, 8LM)
Batting: LHB Austin Hathaway 0-0: Called Strike
0-1: Ball
1-1: Fly out, F8 (Flyball, 89XD)
Top of the 7th over - 0 runs, 0 hits, 0 errors, 0 left on base; Gryfindor 4 - Scranton 3
BOTTOM OF THE 7TH
Scranton Supernovas batting - Pitching for Gryfindor Braves : RHP Frank Veeck
Batting: LHB Kelvin Abbott 0-0: Fly out, F9 (Flyball, 9)
Batting: RHB Eddie Sachs 0-0: Ball
1-0: Foul Ball, location: 2F
1-1: Foul Ball, location: 2F
1-2: Ground out 4-3 (Groundball, 4)
Batting: SHB Alonso Solís 0-0: Foul Ball, location: 2F
0-1: Swinging Strike
0-2: Ball
1-2: Ball
2-2: Strikes out swinging
Bottom of the 7th over - 0 runs, 0 hits, 0 errors, 0 left on base; Gryfindor 4 - Scranton 3
TOP OF THE 8TH
Gryfindor Braves batting - Pitching for Scranton Supernovas : LHP José Cotilla
Pitching: LHP Jeff Schneider
Batting: RHB Ernesto Souza 0-0: Swinging Strike
0-1: Called Strike
0-2: Ball
1-2: Ground out 6-3 (Groundball, 6)
Batting: RHB Austin Case 0-0: Swinging Strike
0-1: Ball
1-1: Foul Ball, location: 2F
1-2: SINGLE (Line Drive, 8LS)
Pinch Hitting: RHB Raúl Reyna 0-0: Called Strike
0-1: Ball
1-1: SINGLE (Line Drive, 34)
Austin Case to second
Runner from 2nd tries for 3rd, SAFE, no throw
Batting: RHB Javier López 0-0: Swinging Strike
0-1: Called Strike
0-2: Ball
1-2: Ball
2-2: Strikes out looking
Batting: RHB Damon Newbold 0-0: Called Strike
0-1: Ball
1-1: Fly out, F5 (Line Drive, 56)
Top of the 8th over - 0 runs, 2 hits, 0 errors, 2 left on base; Gryfindor 4 - Scranton 3
BOTTOM OF THE 8TH
Scranton Supernovas batting - Pitching for Gryfindor Braves : RHP Frank Veeck
Now in LF: Micheal Garren
Batting: RHB Pedro Rivera 0-0: Foul Ball, location: 2F
0-1: Ball
1-1: DOUBLE (Line Drive, 89D) - OUT at third base trying to stretch hit.
Batting: RHB Brad Jacobson 0-0: Ball
1-0: Fly out, F1 (Line Drive, 13)
Batting: LHB José Cordero 0-0: Foul Ball, location: 2F
0-1: Foul Ball, location: 2F
0-2: Ball
1-2: Ball
2-2: Ball
3-2: Ground out 6-3 (Groundball, 6)
Bottom of the 8th over - 0 runs, 1 hit, 0 errors, 0 left on base; Gryfindor 4 - Scranton 3
TOP OF THE 9TH
Gryfindor Braves batting - Pitching for Scranton Supernovas : LHP Jeff Schneider
Pitching: RHP Victor Brey
Batting: RHB Robinson Barquero 0-0: Called Strike
0-1: Called Strike
0-2: Ground out 4-3 (Groundball, 34D)
Batting: RHB Paul Penrice 0-0: Fly out, F9 (Flyball, 89S)
Batting: LHB Brent van Schoonhoven 0-0: Ball
1-0: Called Strike
1-1: Ground out 4-3 (Groundball, 4)
Top of the 9th over - 0 runs, 0 hits, 0 errors, 0 left on base; Gryfindor 4 - Scranton 3
BOTTOM OF THE 9TH
Scranton Supernovas batting - Pitching for Gryfindor Braves : RHP Frank Veeck
Pitching: LHP Suezo Amano
Batting: RHB Senior Pond 0-0: Ball
1-0: Foul Ball, location: 2F
1-1: Fly out, F7 (Flyball, 78D)
Batting: LHB Chase Popoff 0-0: Foul Ball, location: 2F
0-1: Ground out 1-3 (Groundball, P)
Batting: RHB Mario Castillo 0-0: Called Strike
0-1: Ball
1-1: Ball
2-1: SINGLE (Line Drive, 78S)
Batting: LHB Kelvin Abbott 0-0: Ball
1-0: SINGLE (Line Drive, 34) (infield hit)
Mario Castillo to second
Batting: RHB Eddie Sachs 0-0: Ball
1-0: Called Strike
1-1: Ball
2-1: Called Strike
2-2: Strikes out swinging
Bottom of the 9th over - 0 runs, 2 hits, 0 errors, 2 left on base; Gryfindor 4 - Scranton 3
Tuesday, June 12th, 2018 - OOTP Baseball 18.8 Build 76